 Dungeon Crawl Stone Soup version 0.19.5 (webtiles) character file.

72622 greprep the Unseen (level 15, -12/68 HPs)
             Began as a Spriggan Enchanter on May 5, 2017.
             Was a High Priest of Sif Muna.
             Splashed by an acid blob's acid (15 damage)
             ... on level 1 of the Pits of Slime.
             The game lasted 02:11:47 (28071 turns).

greprep the Unseen (Spriggan Enchanter)            Turns: 28071, Time: 02:11:48

Health: -12/68     AC: -10   Str:  8    XL:     15   Next: 1%
Magic:  0/33       EV: 21    Int: 18    God:    Sif Muna [*****.]
Gold:   644        SH: 14    Dex: 16    Spells: 10 memorised, 8 levels left

rFire  . . .     SeeInvis +     I - +4 dagger (drain)
rCold  . . .     Gourm    .     y - +2 robe of Vines {NoDeviceHeal Regen+7}
rNeg   + . .     Faith    .     F - +1 buckler of Complete Protection {+Fly rPois Dex-2}
rPois  +         Spirit   +     M - +2 hat of the Bear Spirit {Spirit, +Rage rN+ MR++}
rElec  .         Reflect  +     (no cloak)
rCorr  .         Harm     .     (gloves unavailable)
MR     ++++.                    (boots unavailable)
Stlth  ++++++++..               J - +6 amulet of reflection
                                K - ring of stealth
                                Q - ring of wizardry

@: corroded, very quick
A: unfitting armour, see invisible, herbivore 3, speed 3, slow metabolism 2
a: Divine Energy, Channel Magic, Forget Spell, Renounce Religion, Evoke Berserk
Rage, Evoke Flight


You were on level 1 of the Pits of Slime.
You worshipped Sif Muna.
Sif Muna was extremely pleased with you.
You were not hungry.

You visited 4 branches of the dungeon, and saw 22 of its levels.

You collected 2209 gold pieces.
You spent 1565 gold pieces at shops.

Inventory:

Hand Weapons
 I - a +4 dagger of draining (weapon)
 S - a +3 dagger of speed
Armour
 e - a +2 hat
 y - the +2 robe of Vines (worn) {NoDeviceHeal Regen+7}
   (You found it on level 12 of the Dungeon)

   It increases your rate of regeneration.
 F - the +1 buckler of Complete Protection (worn) {+Fly rPois Dex-2}
   (You found it on level 1 of the Lair of Beasts)

   It affects your dexterity (-2).
   It protects you from poison.
   It lets you fly.
 M - the +2 hat of the Bear Spirit (worn) {Spirit, +Rage rN+ MR++}
   (You bought it in a shop on level 2 of the Orcish Mines)

   It protects you from negative energy.
   It affects your resistance to hostile enchantments.
   It lets you go berserk.
 P - a +1 troll leather armour
Jewellery
 q - a +4 ring of slaying
 C - an uncursed ring of resist corrosion
 H - an uncursed ring of magical power
 J - a +6 amulet of reflection (around neck)
 K - a ring of stealth (right hand)
 Q - a ring of wizardry (left hand)
Wands
 a - a wand of iceblast (7/15)
 b - a wand of enslavement (8/24)
 f - a wand of flame (13/48)
 k - a wand of paralysis (24/24)
 v - a wand of iceblast (7/15)
 z - a wand of digging (9/24)
 E - a wand of confusion (20/48)
 G - a wand of paralysis (14/24)
 N - a wand of paralysis (8/24)
 O - a wand of acid (0/15)
 T - a wand of lightning (6/15)
 V - a wand of lightning (6/15)
Scrolls
 j - a scroll of teleportation
 l - 8 scrolls of recharging
 u - 7 scrolls of remove curse
 Y - a scroll of holy word
Potions
 g - 11 potions of curing
 h - a potion of might
 m - 2 potions of brilliance
 n - a potion of agility
 o - 2 potions of ambrosia
 r - 2 potions of berserk rage
 A - a potion of resistance
 B - 2 potions of heal wounds
 D - a potion of cure mutation {unknown}
 L - a potion of invisibility {unknown}
 Z - 2 potions of haste
Books
 c - a book of Battle

   Spells                             Type                      Level
   a - Infusion                       Charms                       1
   b - Shroud of Golubria             Charms/Translocation         2
   c - Song of Slaying                Charms                       2
   d - Spectral Weapon                Hexes/Charms                 3
   e - Regeneration                   Charms/Necromancy            3
 t - Sif Muna's Collected Works on Transmutation
   (Sif Muna gifted it to you on level 6 of the Lair of Beasts)

   Spells                             Type                      Level
   a - Spider Form                    Transmutation/Poison         3
   b - Yara's Violent Unravelling     Hexes/Transmutation          5
   c - Necromutation                  Transmutation/Necromancy     8
 R - a book of Clouds

   Spells                             Type                      Level
   a - Mephitic Cloud                 Conjuration/Poison/Air       3
   b - Conjure Flame                  Conjuration/Fire             3
   c - Poisonous Cloud                Conjuration/Poison/Air       6
   d - Freezing Cloud                 Conjuration/Ice/Air          6
   e - Ring of Flames                 Charms/Fire                  7
 U - Sif Muna's Almanac of Feathers
   (Sif Muna gifted it to you on level 11 of the Dungeon)

   Spells                             Type                      Level
   a - Repel Missiles                 Charms/Air                   2
   b - Static Discharge               Conjuration/Air              3
   c - Airstrike                      Air                          4
   d - Chain Lightning                Conjuration/Air              8
 W - Pevuid's Tome of Enchantment
   (Sif Muna gifted it to you on level 2 of the Lair of Beasts)

   Spells                             Type                      Level
   a - Slow                           Hexes                        2
   b - Summon Guardian Golem          Hexes/Summoning              3
   c - Fulminant Prism                Conjuration/Hexes            4
   d - Silence                        Hexes/Air                    5
   e - Metabolic Englaciation         Hexes/Ice                    5
   f - Darkness                       Hexes                        6
 X - a book of Beasts

   Spells                             Type                      Level
   a - Summon Butterflies             Summoning                    1
   b - Call Canine Familiar           Summoning                    3
   c - Summon Ice Beast               Ice/Summoning                4
   d - Summon Mana Viper              Hexes/Summoning              5
   e - Summon Hydra                   Summoning                    7
Comestibles
 d - 9 bread rations
 i - 9 royal jellies
 w - 22 fruits


   Skills:
 + Level 3.0 Fighting
 + Level 6.9 Short Blades
 + Level 6.2 Dodging
 + Level 20.0 Stealth
 * Level 5.1 Shields
 + Level 13.0 Spellcasting
 + Level 11.7 Hexes
 * Level 3.4 Summonings
 + Level 7.0 Necromancy
 + Level 7.1 Ice Magic
 * Level 2.6 Air Magic
 * Level 8.1 Invocations


You had 8 spell levels left.
You knew the following spells:

 Your Spells              Type           Power        Failure   Level  Hunger
a - Corona                Hex            ######.      1%          1    None
b - Ensorcelled Hibernat  Hex/Ice        #####.       1%          2    None
c - Confuse               Hex            ######..     1%          3    None
d - Regeneration          Chrm/Necr      ###.......   2%          3    None
e - Tukima's Dance        Hex            ######..     1%          3    None
f - Metabolic Englaciati  Hex/Ice        #####.....   1%          5    ####...
g - Summon Guardian Gole  Hex/Summ       #####...     1%          3    None
h - Summon Ice Beast      Ice/Summ       ####....     4%          4    #......
i - Silence               Hex/Air        #####.....   4%          5    ####...
j - Dazzling Spray        Conj/Hex       ####..       1%          3    None


Dungeon Overview and Level Annotations

Branches:
Dungeon (12/15)            Temple (0/1) D:6            Lair (6/6) D:11
  Swamp (0/4) Lair:2        Snake (0/4) Lair:2        Slime (2/5) Lair:5
    Orc (2/2) D:12            Elf (0/3) Orc:2

Altars:
Ashenzari
Gozag
Hepliaklqana
Makhleb
Okawaru
Sif Muna
Trog
Xom
Yredelemnul
The Shining One
Jiyva

Shops:
D:6 *   D:9 }*   Orc:2 !:![?[

Portals:
Hell: Lair:6


Innate Abilities, Weirdness & Mutations

You are very small and have problems with some larger weapons.
You are too small for most types of armour.
You have supernaturally acute eyesight. (SInv)
You are a herbivore.
You cover ground extremely quickly.
You need consume almost no food.


Message History

The acid blob spits acid at you. The splash of acid hits you!
* * * LOW HITPOINT WARNING * * *
You are splashed with acid!
The acid burns!
* * * LOW HITPOINT WARNING * * *
Casting: Regeneration
Confirm with . or Enter, or press ? or * to list all spells.
Okay, then.
Casting: Regeneration
Confirm with . or Enter, or press ? or * to list all spells.
Okay, then.
Okay, then.
As you read the scroll of fog, it crumbles to dust.
The scroll dissolves into smoke.
Your skin stops crawling.
The acid blob spits acid at you. The splash of acid hits you!
* * * LOW HITPOINT WARNING * * *
You are splashed with acid!
The acid burns!
You die...

#.....#.................#
........................#
.........#.............#
..........##...#.......#
..#.......#...#......##
.......................###
#......................#.##
.............>............# ##
#.....#.......@.§........## #.#
............<...§§§......# #...
................§J§.....###...#
................§§§.....##.....
..............................
.............^>...............
.............................#
....#............#..........##
...#.............#........###


You could see an acid blob.

Vanquished Creatures
  An acid blob (Slime:1)
  Gastronok (D:12)
  2 azure jellies (Slime:1)
  2 dire elephants (Lair:6)
  A great orb of eyes (Slime:1)
  6 hydras
  A catoblepas (Lair:6)
  Erica (Orc:1)
  A sun demon (Lair:6)
  2 orc high priests (Orc:2)
  Sonja (Lair:1)
  A wizard (Lair:6)
  11 slime creatures
  A lindwurm (Lair:6)
  4 hill giants (D:11)
  A deep elf archer (Orc:2)
  4 orc knights (Orc:2)
  Pikel (D:5)
  2 ugly things
  6 orc sorcerers (Orc:2)
  6 black mambas
  2 cyclopes
  A centaur zombie (D:12)
  7 elephants (Lair:6)
  A smoke demon (Lair:6)
  3 orange demons (Lair:6)
  7 spiny frogs
  2 torpor snails
  2 rime drakes (Lair:4)
  3 centaur skeletons
  8 komodo dragons
  4 trolls
  An ice devil (Lair:6)
  A red devil (Lair:6)
  A hellwing (Lair:6)
  The ghost of miragecloak the Transmogrifier, a novice FeTm of Ashenzari (D:10)
  3 two-headed ogres
  23 blink frogs
  Grinder (D:3)
  A polar bear (Lair:3)
  5 hippogriffs
  A dream sheep (Lair:6)
  9 spriggans (Lair:1)
  A wyvern (D:8)
  43 yaks
  3 wraiths
  3 steam dragons
  6 basilisks
  20 water moccasins
  7 porcupines
  4 sky beasts
  4 black bears
  4 slaves (D:5)
  2 ice beasts
  22 orc warriors
  11 ogres
  3 necrophages
  2 phantoms
  An eye of draining (D:12)
  3 centaurs
  6 wolves (Lair:2)
  24 crocodiles
  8 big kobolds
  19 bullfrogs
  A gnoll sergeant (D:8)
  14 killer bees
  5 scorpions
  A wight (D:8)
  A howler monkey (D:3)
  5 crimson imps
  2 bullfrog zombies
  9 jellies
  3 human zombies (D:8)
  4 bullfrog skeletons
  13 orc priests
  5 hounds
  17 orc wizards
  A human skeleton (D:8)
  14 iguanas
  4 worker ants
  2 hound zombies
  2 mummies (D:8)
  A howler monkey zombie (D:8)
  11 adders
  7 gnolls
  2 river rats (D:11)
  2 shadow imps
  8 oozes
  2 adder skeletons
  5 dart slugs
  4 leopard geckos
  58 orcs
  4 ball pythons
  4 giant cockroaches
  2 goblins (D:1)
  11 hobgoblins
  18 jackals
  57 kobolds
  4 quokkas
  6 bats
  2 frilled lizards
  A giant cockroach zombie (D:6)
  A leopard gecko skeleton (D:8)
  An orc skeleton (D:8)
  An orc zombie (D:8)
  2 quokka skeletons
  5 rats
661 creatures vanquished.

Vanquished Creatures (collateral kills)
  An orc high priest (Orc:2)
  An orc knight (Orc:2)
  2 blink frogs (Lair:6)
  3 hell hounds (Lair:6)
  An orc priest (Orc:2)
  An orc (Orc:2)
9 creatures vanquished.

Vanquished Creatures (others)
  A catoblepas (Lair:6)
  An adder (D:12)
  2 orcs (D:12)
  A quokka skeleton (D:8)
  4 bushes
  12 fungi
  21 plants
42 creatures vanquished.

Grand Total: 712 creatures vanquished

Notes
Turn   | Place    | Note
-------+----------+-------------------------------------------
     0 | D:1      | greprep the Spriggan Enchanter began the quest for the Orb.
     0 | D:1      | Reached XP level 1. HP: 9/9 MP: 5/5
   190 | D:1      | Reached XP level 2. HP: 12/13 MP: 6/6
   194 | D:1      | Learned a level 2 spell: Ensorcelled Hibernation
  1028 | D:1      | Reached XP level 3. HP: 16/16 MP: 1/8
  1491 | D:2      | Found a deep blue altar of Sif Muna.
  1496 | D:2      | Became a worshipper of Sif Muna the Loreminder
  1528 | D:2      | Reached skill level 5 in Stealth
  1587 | D:2      | Found a hazy altar of Hepliaklqana.
  1937 | D:2      | Reached skill level 1 in Ice Magic
  1946 | D:2      | Reached XP level 4. HP: 21/21 MP: 5/10
  2361 | D:3      | Noticed Grinder
  2392 | D:3      | Learned a level 3 spell: Confuse
  2652 | D:3      | Paralysed by Grinder for 5 turns
  2783 | D:3      | Found an opulent altar of Gozag.
  3219 | D:3      | Killed Grinder
  3219 | D:3      | Reached * piety under Sif Muna
  3219 | D:3      | Reached skill level 6 in Stealth
  3219 | D:3      | Reached skill level 5 in Hexes
  3219 | D:3      | Reached XP level 5. HP: 11/25 MP: 4/12
  3219 | D:3      | Reached XP level 6. HP: 13/29 MP: 4/13
  3593 | D:4      | Reached skill level 7 in Stealth
  3985 | D:4      | Found a glowing golden altar of the Shining One.
  4174 | D:5      | Entered Level 5 of the Dungeon
  4305 | D:5      | Noticed a sky beast
  4313 | D:5      | Killed a sky beast
  4313 | D:5      | Reached skill level 8 in Stealth
  4313 | D:5      | Reached skill level 5 in Spellcasting
  4313 | D:5      | Reached XP level 7. HP: 32/32 MP: 12/15
  4608 | D:5      | Found a burning altar of Makhleb.
  4999 | D:5      | Noticed Pikel
  5350 | D:5      | Killed Pikel
  5350 | D:5      | Reached ** piety under Sif Muna
  5350 | D:5      | Reached skill level 9 in Stealth
  5350 | D:5      | Reached XP level 8. HP: 37/37 MP: 2/18
  6009 | D:5      | Reached skill level 10 in Stealth
  6448 | D:6      | Found a bloodstained altar of Trog.
  6547 | D:6      | Found a staircase to the Ecumenical Temple.
  6984 | D:6      | Reached skill level 1 in Fighting
  7007 | D:6      | Found Juinnoef's Serpentskin Sales.
  7009 | D:6      | Reached skill level 11 in Stealth
  7085 | D:6      | Reached XP level 9. HP: 24/41 MP: 20/20
  7437 | D:7      | Reached *** piety under Sif Muna
  7547 | D:7      | Found a shattered altar of Ashenzari.
  7756 | D:7      | Reached skill level 12 in Stealth
  8462 | D:8      | Found a shimmering altar of Xom.
  8826 | D:8      | Reached skill level 13 in Stealth
  8841 | D:8      | Reached **** piety under Sif Muna
  9210 | D:8      | Reached XP level 10. HP: 46/46 MP: 23/23
  9246 | D:8      | Found a basalt altar of Yredelemnul.
  9569 | D:8      | Found an iron altar of Okawaru.
  9831 | D:9      | Reached skill level 14 in Stealth
  9894 | D:9      | Found Ishreot's Quality Used Wands.
 10454 | D:9      | Found Yphes's Assorted Antiques.
 10470 | D:9      | Noticed a cyclops
 10476 | D:9      | Killed a cyclops
 10476 | D:9      | Reached skill level 5 in Short Blades
 10512 | D:9      | Reached ***** piety under Sif Muna
 10701 | D:10     | Entered Level 10 of the Dungeon
 10876 | D:10     | Received a gift from Sif Muna
 10886 | D:10     | Learned a level 3 spell: Regeneration
 10898 | D:10     | Noticed miragecloak's ghost (novice FeTm)
 10909 | D:10     | Killed miragecloak's ghost
 10909 | D:10     | Reached skill level 15 in Stealth
 11045 | D:10     | Reached skill level 1 in Invocations
 11132 | D:10     | Reached skill level 1 in Necromancy
 11196 | D:10     | Reached XP level 11. HP: 32/50 MP: 22/25
 11198 | D:10     | Reached skill level 5 in Dodging
 11750 | D:11     | Reached skill level 5 in Ice Magic
 11971 | D:11     | Noticed a hill giant
 11974 | D:11     | Killed a hill giant
 11997 | D:11     | Noticed a brown ugly thing
 12002 | D:11     | Killed a brown ugly thing
 12193 | D:11     | Reached skill level 10 in Spellcasting
 12545 | D:11     | Noticed a hill giant
 12568 | D:11     | Killed a hill giant
 12568 | D:11     | Reached skill level 16 in Stealth
 12884 | D:11     | Noticed a hill giant
 12893 | D:11     | Found a staircase to the Lair.
 12903 | D:11     | Noticed a hill giant
 12924 | D:11     | Killed a hill giant
 12942 | D:11     | Killed a hill giant
 13204 | D:11     | Identified Sif Muna's Almanac of Feathers (Sif Muna gifted it to you on level 11 of the Dungeon)
 13204 | D:11     | Received a gift from Sif Muna
 13431 | D:12     | Noticed Gastronok
 13457 | D:12     | Killed Gastronok
 13457 | D:12     | Reached XP level 12. HP: 56/56 MP: 22/27
 13905 | D:12     | Found a staircase to the Orcish Mines.
 14025 | D:12     | Reached skill level 10 in Hexes
 14393 | D:12     | Reached skill level 17 in Stealth
 14563 | D:12     | Reached skill level 5 in Invocations
 14777 | Lair:1   | Entered Level 1 of the Lair of Beasts
 14783 | Lair:1   | Got a polished buckler
 14789 | Lair:1   | Identified the +1 buckler of Complete Protection {+Fly rPois Dex-2} (You found it on level 1 of the Lair of Beasts)
 15097 | Lair:1   | Reached skill level 1 in Shields
 15499 | Lair:1   | Reached skill level 5 in Necromancy
 15504 | Lair:1   | Learned a level 3 spell: Tukima's Dance
 15643 | Lair:1   | Noticed Sonja
 15650 | Lair:1   | Killed Sonja
 15951 | Lair:1   | Noticed a seven-headed hydra
 15955 | Lair:1   | Killed a seven-headed hydra
 16164 | Lair:2   | Reached skill level 18 in Stealth
 16179 | Lair:2   | Found a staircase to the Snake Pit.
 16263 | Lair:2   | Noticed a five-headed hydra
 16270 | Lair:2   | Killed a five-headed hydra
 16270 | Lair:2   | Reached XP level 13. HP: 59/59 MP: 29/29
 16327 | Lair:2   | Identified Pevuid's Tome of Enchantment (Sif Muna gifted it to you on level 2 of the Lair of Beasts)
 16327 | Lair:2   | Received a gift from Sif Muna
 16337 | Lair:2   | Learned a level 5 spell: Metabolic Englaciation
 16773 | Lair:2   | Found a staircase to the Swamp.
 17847 | Lair:4   | Learned a level 3 spell: Summon Guardian Golem
 18677 | Lair:5   | Found a staircase to the Slime Pits.
 18678 | Lair:5   | Found a viscous altar of Jiyva.
 19278 | Lair:6   | Entered Level 6 of the Lair of Beasts
 19295 | Lair:5   | Reached skill level 19 in Stealth
 20654 | Lair:6   | Learned a level 4 spell: Summon Ice Beast
 20884 | Lair:6   | Reached XP level 14. HP: 63/63 MP: 2/31
 22065 | Lair:6   | Reached skill level 1 in Summonings
 22079 | Lair:6   | Found a burning altar of Makhleb.
 22193 | Lair:6   | Identified Sif Muna's Collected Works on Transmutation (Sif Muna gifted it to you on level 6 of the Lair of Beasts)
 22193 | Lair:6   | Received a gift from Sif Muna
 23431 | Lair:6   | Found a gateway to Hell.
 23460 | Lair:6   | Learned a level 5 spell: Silence
 24228 | Orc:1    | Entered Level 1 of the Orcish Mines
 24254 | Orc:1    | Reached skill level 1 in Air Magic
 24363 | Orc:1    | Noticed Erica
 24370 | Orc:1    | Killed Erica
 24512 | Orc:2    | Entered Level 2 of the Orcish Mines
 24520 | Orc:2    | Found a staircase to the Elven Halls.
 24593 | Orc:2    | Found Gockag's Antique Armour Emporium.
 24998 | Orc:2    | Bought the +2 hat of the Bear Spirit {Spirit, +Rage rN+ MR++} for 1133 gold pieces
 25444 | Orc:2    | Found Xohagud's Magic Scroll Emporium.
 26470 | Orc:2    | Found Libliucw's Book Emporium.
 26471 | Orc:2    | Found Qexkavyz's Distillery.
 26823 | Orc:2    | Found Puqodopo's Antique Armour Boutique.
 26827 | Orc:2    | Bought a scroll of identify for 28 gold pieces
 26827 | Orc:2    | Bought a scroll of enchant armour for 105 gold pieces
 26827 | Orc:2    | Bought a scroll of identify for 28 gold pieces
 26827 | Orc:2    | Bought a scroll of enchant weapon for 105 gold pieces
 26832 | Orc:2    | Learned a level 3 spell: Dazzling Spray
 26856 | Orc:2    | Bought a potion of curing for 33 gold pieces
 26856 | Orc:2    | Bought a potion of heal wounds for 55 gold pieces
 26991 | Orc:2    | Found Joag's Distillery.
 26999 | Orc:2    | Bought a potion of curing for 39 gold pieces
 26999 | Orc:2    | Bought a potion of curing for 39 gold pieces
 27504 | Slime:1  | Entered Level 1 of the Pits of Slime
 27504 | Slime:1  | Noticed an acid blob
 27511 | Slime:1  | Killed an acid blob
 27530 | Slime:1  | Noticed an azure jelly
 27545 | Slime:1  | Killed an azure jelly
 27545 | Slime:1  | Reached skill level 5 in Shields
 27695 | Slime:1  | Noticed an acid blob
 27873 | Slime:1  | Noticed an azure jelly
 27878 | Slime:1  | Noticed an acid blob
 27902 | Slime:1  | Killed an azure jelly
 27902 | Slime:1  | Reached XP level 15. HP: 68/68 MP: 14/33
 27919 | Slime:2  | Reached skill level 20 in Stealth
 28071 | Slime:1  | HP: 3/68 [acid blob/splash of acid (10)]
 28071 | Slime:1  | Splashed by an acid blob's acid

Skill      XL: |  1  2  3  4  5  6  7  8  9 10 11 12 13 14 15 |
---------------+----------------------------------------------+-----
Spellcasting   | 3 4 5 6 7 8 9 10 11 12 13 | 13.0
Hexes          | 4 5 6 7 8 9 10 11 | 11.7
Stealth        | 5 6 8 9 11 13 15 16 18 19 20 | 20.0
Ice Magic      | 1 2 3 4 5 6 7 |  7.1
Short Blades   | 2 3 4 5 6 |  6.9
Dodging        | 4 5 6 |  6.2
Fighting       | 1 2 3 |  3.0
Invocations    | 2 4 5 7 8 |  8.1
Necromancy     | 1 4 5 6 7 |  7.0
Shields        | 2 3 5 |  5.1
Summonings     | 3 |  3.4
Air Magic      | 2 |  2.6

Action                   |  1- 3 |  4- 6 |  7- 9 | 10-12 | 13-15 || total
-------------------------+-------+-------+-------+-------+-------++-------
Melee: Dagger            |    70 |    62 |   244 |   445 |   364 ||  1185
 Cast: Corona            |     3 |     1 |       |       |       ||     4
       Ensorcelled Hiber |    27 |    16 |   142 |   226 |   395 ||   806
       Confuse           |       |     9 |    13 |    33 |    34 ||    89
       Regeneration      |       |       |       |     2 |     4 ||     6
       Summon Guardian G |       |       |       |       |    14 ||    14
       Metabolic Englaci |       |       |       |       |     7 ||     7
       Summon Ice Beast  |       |       |       |       |    32 ||    32
Evoke: Wand              |       |       |       |       |     5 ||     5
  Use: Scroll            |       |     2 |     5 |    17 |    17 ||    41
       Potion            |       |       |       |     1 |       ||     1
 Stab: Sleeping          |    27 |    27 |   117 |   216 |   200 ||   587
       Confused          |       |     6 |     8 |    26 |    17 ||    57
       Distracted        |       |       |       |     3 |     3 ||     6
       Petrified         |       |       |       |       |     1 ||     1
  Eat: Fruit             |       |     1 |     2 |     2 |     2 ||     7
       Bread ration      |       |     1 |       |       |     2 ||     3
       Pizza             |       |       |     1 |     1 |     1 ||     3
       Royal jelly       |       |       |       |     1 |       ||     1
Armor: Robe              |     8 |     2 |    24 |    24 |    28 ||    86
       Troll leather arm |       |       |       |     4 |       ||     4
Dodge: Dodged            |    55 |    20 |   217 |   188 |   178 ||   658
Block: Other             |       |       |       |    38 |       ||    38
       Reflection        |       |       |       |     2 |     2 ||     4
       Buckler           |       |       |       |    29 |   188 ||   217
